Map: Orbital Shipyard

Players

Grumm

  • Race: Protoss Protoss
  • League: Gold

Shouse - Winner!

  • Race: Zerg Zerg
  • League: Platinum

VOD

Have the link to the VOD?

Description

Time

  • Played on: Jan. 16, 2016, 2:41 a.m.
  • Length: 20:25
Show
View Real Time Build Order
Export as new Build Order

Grumm Protoss 

Build Orders: Nexus First 

Get SALT Encoding   

  12  0:01  Probe (Chrono Boost)  
  13  0:11  Probe (Chrono Boost)  
  14  0:22  Probe (Chrono Boost)  
  15  0:30  Pylon  
  15  0:38  Assimilator  
  15  0:48  Probe (Chrono Boost)  
  16  1:02  Nexus  
  16  1:13  Gateway  
  16  1:16  Probe (Chrono Boost)  
  17  1:26  Probe (Chrono Boost)  
  18  1:33  Forge  
  18  1:42  Pylon  
  18  1:43  Probe (Chrono Boost)  
  19  1:53  Probe (Chrono Boost)  
  20  2:02  Zealot  
  20  2:04  Probe (Chrono Boost)  
  20  2:06  Cybernetics Core  
  23  2:13  Gateway  
  23  2:23  Gateway  
  23  2:28  Pylon  
  23  2:32  Probe (Chrono Boost)  
  23  2:34  Probe (Chrono Boost)  
  25  2:46  Mothership Core (Chrono Boost)  
  27  2:52  Assimilator  
  27  3:01  Photon Cannon  
  27  3:09  Warp Gate (Chrono Boost)  
  27  3:12  Stalker  
  29  3:14  Zealot  
  31  3:22  Probe  
  32  3:32  Pylon  
  32  3:42  Pylon  
  32  3:45  Probe  
  33  3:55  Nexus  
  33  4:00  Stalker  
  34  4:03  Probe  
  35  4:12  Probe  
  35  4:13  Stalker  
  38  4:24  Probe, Stalker  
  33  5:08  Probe  
  33  5:09  Probe  
  33  5:10  Photon Cannon  
  35  5:14  Robotics Facility  
  35  5:18  Robotics Facility  
  35  5:19  Pylon  
  35  5:28  Stalker x3  
  21  5:50  Mothership Core  
  20  5:57  Stalker x2  
  20  5:58  Stalker  
  26  6:28  Zealot x3  
  32  6:35  Probe  
  32  6:38  Immortal  
  37  6:55  Pylon  
  37  7:07  Pylon  
  37  7:10  Pylon  
  37  7:14  Zealot  
  39  7:24  Probe  
  40  7:33  Assimilator  
  40  7:36  Photon Cannon  
  40  7:43  Probe x2  
  40  7:46  Assimilator  
  40  7:48  Sentry  
  40  7:49  Sentry  
  46  7:54  Probe  
  47  8:02  Assimilator  
  47  8:04  Probe x2  
  49  8:28  Robotics Bay  
  49  8:30  Pylon  
  49  8:32  Photon Cannon  
  49  8:39  Pylon  
  49  8:47  Adept  
  51  8:56  Probe x2  
  53  9:07  Probe x2  
  55  9:17  Probe x2  
  55  9:21  Colossus (Chrono Boost)  
  57  9:30  Probe  
  57  9:31  Probe  
  65  9:42  Extended Thermal Lance (Chrono Boost)  
  65  9:46  Probe  
  65  9:47  Probe  
  67  9:58  Probe  
  67  9:59  Probe  
  69  10:08  Stalker  
  69  10:09  Stalker  
  69  10:10  Probe  
  69  10:11  Probe  
  69  10:13  Zealot  
  77  10:23  Colossus  
  77  10:27  Probe  
  78  10:33  Disruptor  
  87  10:40  Probe x2  
  89  10:52  Probe x2  
  91  10:57  Pylon  
  91  11:05  Nexus  
  91  11:15  Pylon  
  91  11:38  Pylon  
  91  11:44  Immortal  
  91  11:46  Stalker, Zealot  
  91  11:47  Zealot  
  97  11:50  Probe x2, Immortal  
  107  11:58  Protoss Ground Weapons Level 1 (Chrono Boost)  
  107  12:05  Forge  
  107  12:07  Gateway  
  107  12:09  Gateway  
  107  12:10  Pylon  
  107  12:13  Pylon  
  107  12:21  Probe x2  
  109  12:29  Stargate  
  109  12:48  Photon Cannon  
  109  12:50  Immortal  
  109  12:52  Protoss Ground Armor Level 1 (Chrono Boost)  
  109  12:56  Twilight Council  
  109  12:57  Immortal  
  117  13:27  Photon Cannon  
  117  13:31  Probe x3  
  117  13:33  Gateway  
  120  13:42  Immortal  
  120  13:45  Dark Shrine  
  120  13:47  Immortal  
  120  13:48  Void Ray  
  128  13:55  Probe x3  
  135  14:01  Assimilator  
  135  14:07  Probe x2  
  137  14:13  Photon Cannon  
  137  14:31  Void Ray  
  141  14:47  Pylon  
  141  14:51  Gateway  
  141  14:52  Photon Cannon  
  141  14:53  Pylon  
  141  15:00  Stargate  
  141  15:02  Pylon  
  141  15:04  Photon Cannon  
  141  15:05  Dark Templar  
  141  15:06  Dark Templar x3  
  149  15:14  Void Ray  
  153  15:31  Dark Templar  
  153  15:32  Dark Templar  
  157  15:37  Protoss Ground Weapons Level 2 (Chrono Boost)  
  157  15:38  Protoss Ground Armor Level 2 (Chrono Boost), Protoss Air Weapons Level 1  
  157  15:48  Colossus  
  157  15:55  Colossus  
  169  15:59  Void Ray  
  171  16:07  Fleet Beacon  
  171  16:21  Archon  
  171  16:24  Dark Templar  
  173  16:30  Pylon  
  173  16:31  Pylon  
  173  16:32  Pylon  
  173  16:38  Charge  
  173  16:48  Void Ray (Chrono Boost)  
  177  16:56  Pylon  
  177  17:01  Photon Cannon  
  177  17:14  Photon Cannon  
  177  17:19  Tempest (Chrono Boost)  
  177  17:20  Observer, Photon Cannon  
  181  17:23  Pylon  
  181  17:26  Immortal  
  181  17:27  Dark Templar x2  
  194  17:30  Dark Templar, Tempest (Chrono Boost)  
  194  17:33  Gateway  
  196  17:51  Archon  
  136  18:39  Dark Templar x2  
  136  18:40  Dark Templar x4  
  105  19:00  Void Ray (Chrono Boost)  
  107  19:26  Void Ray (Chrono Boost)  
  109  19:37  Void Ray (Chrono Boost)  
  103  19:57  Archon x2  
  103  19:58  Archon  
  103  19:59  Archon  
  92  20:02  Stalker  
  92  20:03  Stalker x2  
  92  20:04  Stalker x3  
Show
View Real Time Build Order
Export as new Build Order

Shouse Zerg - Winner!

Build Orders: Pool First 

Get SALT Encoding   

  12  0:03  Drone  
  13  0:13  Overlord  
  13  0:21  Drone  
  14  0:32  Drone x2  
  16  0:38  Drone  
  17  0:48  Drone  
  18  0:57  Drone  
  19  1:04  Spawning Pool  
  18  1:13  Hatchery  
  18  1:15  Drone  
  18  1:19  Drone  
  19  1:30  Drone  
  20  1:40  Drone  
  21  1:55  Queen, Roach Warren  
  21  1:59  Extractor  
  21  2:01  Overlord, Extractor  
  20  2:04  Drone  
  21  2:16  Drone  
  22  2:26  Queen  
  22  2:27  Drone x2  
  26  2:31  Queen  
  28  2:38  Roach x2  
  32  2:45  Roach  
  32  2:49  Roach  
  36  2:55  Overlord  
  36  3:11  Overlord  
  36  3:12  Overlord  
  36  3:15  Roach  
  36  3:16  Roach  
  40  3:21  Roach  
  40  3:26  Roach  
  44  3:31  Roach  
  46  3:41  Roach x2  
  50  3:46  Roach  
  52  3:51  Roach  
  54  4:00  Drone x3  
  57  4:04  Drone  
  57  4:07  Drone  
  59  4:11  Drone  
  60  4:17  Overlord  
  60  4:23  Overlord  
  60  4:29  Spore Crawler  
  59  4:37  Ravager  
  60  4:47  Ravager  
  53  5:02  Ravager x4  
  55  5:10  Roach x3  
  55  5:11  Zergling x18  
  66  5:50  Drone x6  
  69  6:17  Ravager  
  59  6:37  Drone x3  
  59  6:38  Drone x3  
  64  6:40  Lair  
  64  6:47  Extractor  
  64  6:49  Extractor  
  64  6:53  Queen  
  64  6:54  Evolution Chamber  
  64  6:55  Evolution Chamber  
  62  7:02  Drone  
  62  7:03  Drone x2  
  62  7:04  Overlord  
  62  7:08  Hatchery  
  64  7:20  Overlord  
  64  7:21  Overlord  
  64  7:24  Drone  
  64  7:25  Drone  
  64  7:29  Spore Crawler, Queen  
  67  7:32  Zerg Ground Armor Level 1, Zerg Missile Weapons Level 1  
  67  7:40  Overseer  
  67  7:47  Hydralisk Den  
  66  7:52  Spire  
  66  7:57  Drone x2, Infestation Pit  
  66  7:58  Drone x5  
  70  8:04  Spine Crawler  
  70  8:05  Spore Crawler, Pneumatized Carapace  
  70  8:07  Spine Crawler  
  70  8:08  Drone x2  
  70  8:10  Spore Crawler  
  69  8:19  Lurker Den  
  69  8:33  Hydralisk  
  69  8:34  Hydralisk  
  69  8:37  Roach x3  
  69  8:38  Roach x2  
  83  8:47  Overlord  
  83  8:49  Overlord  
  83  8:50  Overlord  
  83  8:53  Overlord  
  83  9:12  Overseer  
  83  9:13  Overlord  
  83  9:22  Hive  
  83  9:27  Zerg Missile Weapons Level 2  
  83  9:29  Nydus Network  
  82  9:39  Zerg Ground Armor Level 2  
  82  9:42  Drone x5  
  87  9:49  Lurker  
  88  9:58  Lurker  
  89  10:06  Overlord  
  89  10:09  Drone  
  89  10:10  Drone x7  
  97  10:29  Extractor  
  97  10:32  Extractor  
  97  10:33  Drone  
  97  10:34  Drone x2  
  97  10:35  Drone x3  
  101  10:37  Spore Crawler  
  101  10:39  Spore Crawler  
  101  10:40  Greater Spire, Corruptor  
  101  10:41  Corruptor  
  103  11:06  Spore Crawler  
  103  11:09  Drone x3, Spine Crawler  
  103  11:10  Drone x2  
  106  11:12  Drone x3  
  106  11:13  Drone x6  
  115  11:20  Queen  
  115  11:21  Queen  
  119  11:32  Overlord  
  119  11:33  Overlord  
  119  11:34  Overlord  
  119  11:40  Spine Crawler  
  119  11:41  Spore Crawler  
  119  11:43  Spore Crawler  
  119  11:44  Zerg Melee Weapons Level 1  
  119  11:45  Spine Crawler  
  115  11:51  Spine Crawler  
  114  11:55  Brood Lord  
  114  11:56  Brood Lord  
  118  12:04  Ultralisk Cavern  
  117  12:22  Ravager x3  
  120  12:30  Overlord  
  120  12:31  Overlord x6  
  120  12:56  Chitinous Plating  
  120  13:25  Hatchery  
  119  13:27  Hatchery, Extractor  
  119  13:29  Extractor  
  119  13:33  Hatchery, Corruptor x3  
  121  13:37  Ultralisk x2  
  121  13:39  Queen  
  135  13:42  Hatchery  
  134  14:04  Hydralisk x6  
  134  14:05  Hydralisk x3  
  152  14:17  Zerg Missile Weapons Level 3  
  152  14:19  Zerg Ground Armor Level 3  
  152  15:10  Drone x2  
  152  15:11  Drone x6  
  152  15:12  Drone x2  
  152  15:13  Drone  
  163  15:14  Drone x3  
  166  15:29  Queen  
  166  15:30  Queen x6  
  174  15:47  Drone x5  
  174  15:48  Drone x3  
  179  16:26  Nydus Canal  
  179  16:43  Corruptor x6  
  179  16:44  Corruptor x4  
  199  16:48  Nydus Canal  
  199  17:24  Zerg Melee Weapons Level 2  
  199  17:26  Zerg Flyer Weapons Level 1  
  199  17:31  Spire  
  198  17:50  Nydus Canal  
  198  18:04  Extractor  
  198  18:05  Extractor  
  195  18:09  Hatchery  
  124  19:02  Brood Lord x3  
  126  19:03  Brood Lord x4  
  126  19:05  Corruptor  
  126  19:06  Corruptor x21  
  126  19:07  Corruptor  
  176  19:54  Corruptor x3  
  176  19:55  Corruptor x5  
Tags
 
Add a new tag
Caveats
  • Supply blocks, unpowered buildings, or Contaminate may cause inaccurate times.
  • Supply counts are checked every 10 seconds.